 Dungeon Crawl Stone Soup version 0.23-a0-639-ga9a3373 (console) character file.

46 Duffy the Conjurer (level 3, -3/24 HPs)
             Began as a Demonspawn Fire Elementalist on Dec 29, 2018.
             Slain by an orc
             ... wielding a +0 falchion
              (10 damage)
             ... on level 3 of the Dungeon.
             The game lasted 00:01:06 (680 turns).

Duffy the Conjurer (Demonspawn Fire Elementalist)    Turns: 680, Time: 00:01:07

Health: -3/24      AC:  3    Str:  8    XL:     3   Next: 44%
Magic:  0/6        EV: 12    Int: 17    God:
Gold:   39         SH:  0    Dex: 13    Spells: 5/6 levels left

rFire    . . .     SeeInvis .   k - +0 dagger
rCold    . . .     Gourm    .   (no shield)
rNeg     . . .     Faith    .   a - +0 robe
rPois    .         Spirit   .   (helmet restricted)
rElec    .         Reflect  .   (no cloak)
rCorr    .         Harm     .   (no gloves)
MR       .....                  (no boots)
Stlth    ++........             (no amulet)
HPRegen  0.08/turn              (no ring)
MPRegen  0.10/turn              (no ring)

@: no status effects
A: horns 1, rugged brown scales 1
a: no special abilities


You were on level 3 of the Dungeon.
You were not hungry.

You visited 1 branch of the dungeon, and saw 4 of its levels.

You collected 39 gold pieces.

Inventory:

Hand Weapons
 k - a +0 dagger (weapon)
Armour
 a - a +0 robe (worn)
 f - a +0 helmet
Scrolls
 b - 2 scrolls of teleportation {unknown}
 d - 2 scrolls of identify {unknown}
 h - a scroll of fear {unknown}
Potions
 e - a potion of might {unknown}
 i - a potion of magic {unknown}
 j - 2 potions of brilliance {unknown}
Comestibles
 c - a ration
 g - 10 chunks of flesh


   Skills:
 - Level 1.7 Dodging
 - Level 1.7 Stealth
 + Level 2.0 Spellcasting
 + Level 3.4 Conjurations
 + Level 2.6 Fire Magic


You had 5 spell levels left.
You knew the following spells:

 Your Spells              Type           Power        Failure   Level  Hunger
h - Flame Tongue          Conj/Fire      ##...        5%          1    #......

Your spell library contained the following spells:

 Spells                   Type           Power        Failure   Level  Hunger
 Throw Flame              Conj/Fire      ##....       9%          2    ###....
 Conjure Flame            Conj/Fire      ##......     17%         3    ###....
 Inner Flame              Hex/Fire       #.......     32%         3    ###....
 Sticky Flame             Conj/Fire      ##......     50%         4    #####..
 Fireball                 Conj/Fire      ##........   83%         5    ######.


Dungeon Overview and Level Annotations

Branches:
Dungeon (4/15)
 Temple: D:4-7

Altars:


Innate Abilities, Weirdness & Mutations

You have a pair of small horns on your head.
You are partially covered in rugged brown scales. (AC +1, +3% HP)


Message History

k - a +0 dagger (weapon)
The orc wizard casts a spell at you. The magic dart hits you!
You hit the orc wizard. You headbutt the orc wizard.
You kill the orc wizard!
Training target 2.6 for Conjurations reached!
Your Conjurations skill increases to level 3!
You need to enable at least one skill for training.
You have reached level 3!
Your experience leads to an increase in your attributes!
Increase (S)trength, (I)ntelligence, or (D)exterity?
You feel clever.
Your demonic ancestry asserts itself...
Rugged brown scales grow over part of your body.
You barely miss the orc. The orc hits you with a +0 falchion.
You hit the orc but do no damage. The orc hits you with a +0 falchion.
You hit the orc but do no damage. You headbutt the orc, but do no damage.
The orc hits you with a +0 falchion.
* * * LOW HITPOINT WARNING * * *
You hit the orc but do no damage. The orc hits you with a +0 falchion!
You die...

...........<.#
#######.######
#...# #...# #...#
##.## #.#
########.########
#....>@oo........
#.######.########
#.# #o# #.# #.o.#
#.#o.# #.#....
#.# .....


You could see 2 orcs.

Vanquished Creatures
  An orc wizard (D:3)
  2 leopard geckos (D:4)
  An orc (D:3)
  A goblin (D:2)
  2 hobgoblins (D:2)
  A ball python (D:4)
  3 bats
  2 kobolds (D:2)
  3 rats
16 creatures vanquished.

Notes
Turn   | Place    | Note
-------+----------+-------------------------------------------
     0 | D:1      | Duffy the Demonspawn Fire Elementalist began the quest for
                  | the Orb.
     0 | D:1      | Reached XP level 1. HP: 13/13 MP: 3/3
   392 | D:2      | Reached skill level 2 in Conjurations
   424 | D:2      | Gained mutation: You have a pair of small horns on your
                  | head. [demonic ancestry]
   424 | D:2      | Reached XP level 2. HP: 19/19 MP: 3/5
   676 | D:3      | Reached skill level 3 in Conjurations
   676 | D:3      | Gained mutation: You are partially covered in rugged brown
                  | scales. (AC +1, +3% HP) [demonic ancestry]
   676 | D:3      | Reached XP level 3. HP: 12/24 MP: 0/6
   680 | D:3      | Slain by an orc

Vault maps used:
D:1:      dpeg_cavernosity
D:2:      wander_river
D:3:      solitary_fountain, kennysheep_generic_room_6, uniq_robin,
          uniq_natasha, uniq_sigmund
D:4:      first_ration

Skill      XL: |  1  2 |
---------------+-------+-----
Conjurations   | 2 3 |  3.4
Dodging        | |  1.7
Stealth        | |  1.7
Spellcasting   | |  2.0
Fire Magic     | |  2.6

Action                   || total
-------------------------++-------
Melee: Dagger            ||     5
       Headbutt          ||     2
 Cast: Flame Tongue      ||    28
Armor: Robe              ||     1
Dodge: Dodged            ||     7

Table legend:
 A = Non-vault XP
 B = Vault XP
 C = Vault XP percentage of total XP
 D = Non-vault monster count
 E = Vault monster count
 F = Vault count percentage of total count
                 A         B        C        D         E       F
            +---------+---------+-------+---------+---------+-------
      Total |      66 |       0 |   0.0 |      16 |       0 |   0.0
            +---------+---------+-------+---------+---------+-------
        D:1 |       2 |       0 |   0.0 |       2 |       0 |   0.0
        D:2 |      12 |       0 |   0.0 |       8 |       0 |   0.0
        D:3 |      45 |       0 |   0.0 |       3 |       0 |   0.0
        D:4 |       7 |       0 |   0.0 |       3 |       0 |   0.0
            +---------+---------+-------+---------+---------+-------
